 Dungeon Crawl Stone Soup version 0.17-a0-1382-gc46a074 (webtiles) character file.

123 Raurakos the Insei (level 5, -1/25 HPs)
             Began as a Vine Stalker Transmuter on June 15, 2015.
             Slain by TheWorldSmith's ghost (10 damage)
             ... on level 3 of the Dungeon.
             The game lasted 00:07:48 (2019 turns).

Raurakos the Insei (Vine Stalker Transmuter)        Turns: 2019, Time: 00:07:48

Health: -1/25      AC:  7    Str: 13    XL:     5   Next: 7%
Magic:  0/9        EV: 12    Int: 13    God:
Gold:   117        SH:  0    Dex: 15    Spells: 2 memorised, 4 levels left

rFire  . . .     SeeInvis .       - Unarmed
rCold  . . .     Clarity  .     e - +0 leather armour
rNeg   . . .     SustAt   .     (no shield)
rPois  .         Gourm    .     (no helmet)
rElec  .         Spirit   +     (no cloak)
rCorr  .         Warding  .     o - +0 pair of gloves
rMut   .         Stasis   .     (no boots)
MR     .....                    (no amulet)
Stlth  +.........               (no ring)
                                p - +3 ring of protection

@: not resistant to hostile enchantments, very unstealthy
A: fangs 2, regeneration 1, magic shield, antimagic bite, no device heal 3, rot
immunity
a: no special abilities


You were on level 3 of the Dungeon.
You were not hungry.

You visited 1 branch of the dungeon, and saw 3 of its levels.

You collected 117 gold pieces.

Inventory:

Missiles
 b - 69 stones (quivered)
Armour
 e - a +0 leather armour (worn)
 o - a +0 pair of gloves (worn)
Jewellery
 p - a +3 ring of protection (left hand)
Scrolls
 j - a scroll of immolation {unknown}
 k - 3 scrolls of magic mapping
 l - 2 scrolls of teleportation {unknown}
 m - 2 scrolls of identify {unknown}
 q - 2 scrolls of remove curse {unknown}
Potions
 a - a potion of heal wounds {unknown}
 f - a potion of agility {unknown}
 h - 2 potions of mutation {unknown}
 i - 2 potions of lignification {unknown}
 n - a potion of brilliance {unknown}
 r - a potion of magic {unknown}
 s - 4 potions of might {unknown}
 u - a potion of berserk rage {unknown}
 v - a potion of experience {unknown}
Books
 c - a book of Changes

   Spells                             Type                      Level
   a - Beastly Appendage              Transmutation                1
   b - Sticks to Snakes               Transmutation                2
   c - Spider Form                    Transmutation/Poison         3
   d - Ice Form                       Ice/Transmutation            4
   e - Blade Hands                    Transmutation                5
Comestibles
 d - 2 bread rations
 g - 3 meat rations
 t - 2 chunks of flesh


   Skills:
 - Level 0.8 Fighting
 - Level 1.5 Dodging
 + Level 5.6 Unarmed Combat
 - Level 2.1 Spellcasting
 - Level 2.0 Transmutations


You had 4 spell levels left.
You knew the following spells:

 Your Spells              Type           Power        Failure   Level  Hunger
a - Beastly Appendage     Trmt           #.....       14%         1    ##.....
b - Spider Form           Trmt/Pois      #.........   67%         3    ####...


Dungeon Overview and Level Annotations

Branches:
Dungeon (3/15)

Altars:
Nemelex Xobeh

Annotations:
D:2 Sigmund
D:3 TheWorldSmith's ghost, average MiFi


Innate Abilities, Weirdness & Mutations

You have extremely sharp teeth.
Your natural rate of healing is unusually fast.
When hurt, damage is shared between your health and your magic reserves.
Your bite disrupts and absorbs the magic of your enemies.
Potions and wands cannot restore your health.
You are immune to rotting.


Message History

TheWorldSmith's ghost hits you.
You hit TheWorldSmith's ghost but do no damage.
TheWorldSmith's ghost is moderately damaged.
TheWorldSmith's ghost says, "I am invincible!"
TheWorldSmith's ghost closely misses you.
You hit TheWorldSmith's ghost but do no damage.
TheWorldSmith's ghost is moderately damaged.
TheWorldSmith's ghost closely misses you.
You hit TheWorldSmith's ghost but do no damage.
You bite TheWorldSmith's ghost. You drain its power.
You feel invigorated.
TheWorldSmith's ghost is heavily damaged.
TheWorldSmith's ghost keens inconsolably.
TheWorldSmith's ghost hits you!
You barely miss TheWorldSmith's ghost.
TheWorldSmith's ghost is heavily damaged.
TheWorldSmith's ghost hits you!
You hit TheWorldSmith's ghost but do no damage.
TheWorldSmith's ghost is heavily damaged.
TheWorldSmith's ghost hits you!
You die...

#.#.* #.,,* ### #.#.*
#..,* #..
#.#.#######...#####..
#.#......#*#+#...W'..
#.#.#....###.###.##..
#.###.....##.###.##.W
#....)....##.W...####
###########...#.##W.####
#........W@...#...l....#
#.#########.#.########.#
#.# #..<#.....##.# #.#
###.#.###....# #.#
#....W....## #.#
#########..# #W# ##.#
#<# #.# ### #.#


You could see TheWorldSmith's ghost.

Vanquished Creatures
  3 adders
  3 gnolls
  An ooze (D:1)
  3 worms (D:2)
  3 giant geckos
  3 giant cockroaches
  3 goblins
  7 hobgoblins
  3 jackals
  2 quokkas
  A ball python (D:3)
  8 bats
  4 giant newts
  3 kobolds
  8 rats
55 creatures vanquished.

Notes
Turn   | Place    | Note
--------------------------------------------------------------
     0 | D:1      | Raurakos the Vine Stalker Transmuter began the quest for the Orb.
     0 | D:1      | Reached XP level 1. HP: 9/9 MP: 4/4
   116 | D:1      | Found a sparkling altar of Nemelex Xobeh.
   126 | D:1      | Reached XP level 2. HP: 14/14 MP: 6/6
   340 | D:2      | Noticed Sigmund
   391 | D:2      | Reached skill level 4 in Unarmed Combat
   408 | D:2      | Reached XP level 3. HP: 13/17 MP: 7/7
   883 | D:1      | Reached XP level 4. HP: 14/21 MP: 6/8
   934 | D:1      | Learned a level 3 spell: Spider Form
  1331 | D:3      | Reached skill level 5 in Unarmed Combat
  1393 | D:3      | Noticed TheWorldSmith's ghost (average MiFi)
  2001 | D:3      | Reached XP level 5. HP: 25/25 MP: 9/9
  2019 | D:3      | Slain by TheWorldSmith's ghost

Vault maps used:
D:1:      wheals_arrival_linesprint, nemelex_xobeh_ov_fountains_minmay
D:2:      uniq_sigmund
D:3:      first_bread, serial_park_tiny_2, uniq_crazy_yiuf_cottage, uniq_jessica

Action                   |  1- 3 |  4- 6 || total
-------------------------+-------+-------++-------
Melee: Unarmed           |    88 |   107 ||   195
Throw: Stone             |    23 |     1 ||    24
  Use: Scroll            |       |     1 ||     1
 Stab: Sleeping          |       |     1 ||     1
  Eat: Chunk             |       |     4 ||     4
